 Dungeon Crawl Stone Soup version 0.29-a0-1043-g569b05d6ff (webtiles) character file.

Game seed: 12610856860996655664

5044 ytrimaz the Martial Artist (level 10, -5/65 HPs)
             Began as a Demonspawn Transmuter on Aug 16, 2022.
             Slain by a shadow (8 damage)
             ... on level 9 of the Dungeon.
             The game lasted 00:12:22 (8551 turns).

ytrimaz the Martial Artist (Demonspawn Transmuter)  Turns: 8551, Time: 00:12:22

Health: -5/65      AC:  4    Str: 10    XL:     10   Next: 30%
Magic:  12/13      EV: 14    Int: 23    God:
Gold:   175        SH:  4    Dex: 14    Spells: 3/13 levels left

rFire   . . .      SeeInvis .     - Unarmed
rCold   . . .      Faith    .   (no shield)
rNeg    . . .      Spirit   .   w - +2 robe {Archmagi}
rPois   .          Reflect  .   (helmet currently unavailable)
rElec   .          Harm     .   m - scarf {+Inv}
rCorr   +          Rampage  .   (gloves unavailable)
Will    .....      Archmagi +   (boots currently unavailable)
Stlth   +.........              f - amulet of regeneration
HPRegen 1.00/turn               e - ring of resist corrosion
MPRegen 0.13/turn               (no ring)

@: appendages, wereblooded
A: horns 2, talons 2, big brain 2, condensation shield, demonic touch 3
a: End Transformation, Evoke Invisibility


You were on level 9 of the Dungeon.
You had temporarily grown beastly horns and talons.
You visited 2 branches of the dungeon, and saw 10 of its levels.

You collected 600 gold pieces.
You spent 425 gold pieces at shops.

Inventory:

Armour
 m - a scarf of invisibility (worn)
 v - a +0 plate armour
 w - a +2 robe of the Archmagi (worn)
 x - a +1 pair of boots (melded)
Jewellery
 e - a ring of resist corrosion (left hand)
 f - an amulet of regeneration (around neck)
 A - an amulet of the acrobat
Wands
 j - a wand of iceblast (9)
Scrolls
 a - a scroll of enchant weapon
 c - 4 scrolls of teleportation
 g - 3 scrolls of poison
 s - a scroll of fear
 u - 2 scrolls of immolation
 y - 2 scrolls of fog
 z - a scroll of silence
Potions
 b - a potion of lignification
 d - 5 potions of haste
 h - 3 potions of curing
 i - 4 potions of might
 k - a potion of flight {unknown}
 l - 2 potions of mutation {unknown}
 n - a potion of resistance
 o - 4 potions of heal wounds {unknown}
 p - 4 potions of brilliance
 q - 2 potions of magic {unknown}
 r - a potion of berserk rage {unknown}
 t - a potion of invisibility {unknown}


   Skills:
 - Level 1.0 Fighting
 + Level 6.2 Dodging
 - Level 0.4 Shields
 + Level 10.4 Unarmed Combat
 - Level 2.0 Spellcasting
 - Level 8.0 Transmutations


You had 3 spell levels left.
You knew the following spells:

 Your Spells              Type           Power      Damage    Failure   Level
a - Beastly Appendage     Tmut           100%       N/A       1%          1
b - Wereblood             Tmut           55%        N/A       1%          2
c - Spider Form           Tmut/Pois      31%        N/A       8%          3
d - Ice Form              Ice/Tmut       31%        N/A       24%         4

Your spell library contained the following spells:

 Spells                   Type           Power      Damage    Failure   Level
 Passwall                 Tmut/Erth      25%        N/A       3%          2
 Necrotise                Necr           12%        1d4       13%         1
 Sandblast                Erth           6%         2d5       13%         1
 Ensorcelled Hibernation  Hex/Ice        6%         N/A       19%         2
 Poisonous Vapours        Pois/Air       6%         N/A       19%         2
 Static Discharge         Conj/Air       3%         3-4/arc   19%         2
 Ozocubu's Armour         Ice            3%         N/A       36%         3
 Stone Arrow              Conj/Erth      6%         3d7       36%         3
 Swiftness                Air            3%         N/A       36%         3
 Vampiric Draining        Necr           3%         2d6       36%         3
 Anguish                  Hex/Necr       1%         N/A       77%         4
 Corpse Rot               Necr/Pois/Air  3%         N/A       77%         4
 Agony                    Necr           3%         N/A       98%         5
 Lightning Bolt           Conj/Air       1%         1d12      98%         5
 Metabolic Englaciation   Hex/Ice        1%         N/A       98%         5
 Simulacrum               Ice/Necr       1%         N/A       100%        6
 Maxwell's Capacitive Co  Air            1%         ∞         100%        8


Dungeon Overview and Level Annotations

Branches:
Dungeon (9/15)             Temple (1/1) D:4
   Lair: D:8-11         Orc: D:9-12

Altars:
Ashenzari
Cheibriados
Dithmenos
Fedhas
Gozag
Hepliaklqana
Kikubaaqudgha
Makhleb
Nemelex Xobeh
Qazlal
Ru
Trog
Uskayaw
Vehumet
Wu Jian
Xom
Yredelemnul

Shops:
D:4 [

Annotations:
D:8 exclusion: hornet


Innate Abilities, Weirdness & Mutations

You have temporarily grown beastly horns and talons.
You have an extremely huge brain. (Int +4)
A meltable shield of frost defends you. (SH +4)
Your touch may irresistibly damage your foes and sap their willpower.


Message History

Casting: Beastly Appendage (safe; 1% risk of failure)
Confirm with . or Enter, or press ? or * to list all spells.
You feel a surge of power!
Your blood is freshly infused with primal strength!
Unknown command.
You punch the ogre zombie! You claw the ogre zombie.
You headbutt the ogre zombie.
You destroy the ogre zombie!
The hobgoblin zombie barely misses you.
You punch the hobgoblin zombie!
You destroy the hobgoblin zombie!
Unknown command.
You hit the hobgoblin skeleton. You claw the hobgoblin skeleton.
Your headbutt misses the hobgoblin skeleton.
The hobgoblin skeleton is heavily damaged.
The shadow strikes at you from the darkness!
Reactivating autopickup.
You hit the hobgoblin skeleton.
You feel a bit better.
You destroy the hobgoblin skeleton!
The shadow hits you.
You are too injured to fight recklessly!
Unknown command.
You are too injured to fight recklessly!
You hit the shadow. You claw the shadow.
The shadow is moderately damaged.
The shadow slips into darkness.
The shadow flickers and vanishes!
Deactivating autopickup; reactivate with Ctrl-A.
The orc zombie hits you.
You punch something!
The shadow strikes at you from the darkness!
* * * LOW HITPOINT WARNING * * *
Reactivating autopickup.
Unknown command.
You barely miss the shadow. You headbutt the shadow.
The shadow is severely damaged.
You block the orc zombie's attack.
Unknown command.
The shadow attacks as you move away! The shadow hits you!
You die...

#.......#
#.......#
##.......##
#.........#
#.........#
#.........#
#.........#
#......<..# #
#....@#####..
#...ZW# .....
###....Z#.Z....
......ZZ#..Z...
####...Z..Z....
####..8..{..
#........
..#......
#..#....Z.


You could see a shadow, a hobgoblin zombie, 3 orc zombies and an ogre zombie.

Vanquished Creatures
  A two-headed ogre (D:8)
  Erica (D:8)
  Prince Ribbit (D:7)
  A wyvern (D:7)
  A steam dragon (D:8)
  A water moccasin (D:6)
  3 orc warriors
  2 ice beasts
  3 ogres
  3 phantoms
  3 bullfrogs
  A scorpion (D:4)
  2 necrophages
  3 wights (D:7)
  6 killer bees (D:8)
  2 howler monkeys
  3 hounds
  A jelly (D:6)
  A gnoll bouda (D:7)
  5 orc priests
  6 orc wizards
  Jessica (D:2)
  Terence (D:3)
  2 iguanas
  4 ogre zombies (D:9)
  5 gnolls (D:7)
  9 adders
  A shadow imp (D:7)
  2 white imps
  2 ufetubi
  A worm (D:3)
  4 dart slugs
  28 orcs
  6 bats
  8 endoplasms
  3 giant cockroaches
  6 goblins
  7 hobgoblins
  4 jackals
  4 quokkas
  10 ball pythons
  4 frilled lizards
  A goblin zombie (D:9)
  A hobgoblin skeleton (D:9)
  3 hobgoblin zombies (D:9)
  8 kobolds
  2 orc skeletons (D:9)
  3 orc zombies (D:9)
  8 rats
188 creatures vanquished.

Vanquished Creatures (collateral kills)
  A two-headed ogre (D:5)
1 creature vanquished.

Grand Total: 189 creatures vanquished

Notes
Turn   | Place    | Note
-------+----------+-------------------------------------------
     0 | D:1      | ytrimaz the Demonspawn Transmuter began the quest for the
                  | Orb.
     0 | D:1      | Reached XP level 1. HP: 15/15 MP: 3/3
   526 | D:1      | Reached skill level 3 in Unarmed Combat
   582 | D:1      | Gained mutation: Your touch may inflict minor irresistible
                  | damage on your foes. [demonic ancestry]
   582 | D:1      | Reached XP level 2. HP: 21/21 MP: 3/5
   639 | D:1      | Learned a level 2 spell: Wereblood
  1548 | D:2      | Gained mutation: A meltable shield of frost defends you.
                  | (SH +4) [demonic ancestry]
  1548 | D:2      | Reached XP level 3. HP: 24/26 MP: 4/6
  1967 | D:2      | Noticed Jessica
  1973 | D:2      | Gained mutation: You have an unusually large brain. (Int
                  | +2) [demonic ancestry]
  1973 | D:2      | Reached XP level 4. HP: 30/32 MP: 5/7
  1983 | D:2      | Killed Jessica
  2286 | D:2      | Learned a level 3 spell: Spider Form
  2380 | D:2      | Found a faded altar of an unknown god.
  2624 | D:3      | Noticed Terence
  2644 | D:3      | Killed Terence
  2645 | D:3      | Reached skill level 4 in Unarmed Combat
  2645 | D:3      | Reached XP level 5. HP: 37/37 MP: 3/8
  2854 | D:3      | Found a stormy altar of Qazlal.
  3159 | D:4      | Found Tupraor's Armour Shop.
  3172 | D:3      | Gained mutation: Your touch may inflict irresistible damage
                  | on your foes. [demonic ancestry]
  3172 | D:3      | Reached XP level 6. HP: 24/43 MP: 9/9
  3313 | D:4      | Found a staircase to the Ecumenical Temple.
  3336 | Temple   | Entered the Ecumenical Temple
  3732 | D:5      | Entered Level 5 of the Dungeon
  3732 | D:5      | Noticed a two-headed ogre
  3788 | D:5      | Reached skill level 5 in Unarmed Combat
  3788 | D:5      | Reached XP level 7. HP: 48/48 MP: 8/10
  3823 | D:5      | Reached skill level 5 in Transmutations
  3856 | D:5      | Learned a level 4 spell: Ice Form
  3876 | D:5      | Killed a two-headed ogre
  3877 | D:5      | Reached skill level 6 in Unarmed Combat
  3877 | D:5      | Reached XP level 8. HP: 54/54 MP: 7/11
  4241 | D:5      | Reached skill level 7 in Unarmed Combat
  4932 | D:6      | Gained mutation: You have an extremely huge brain. (Int +4)
                  | [demonic ancestry]
  4932 | D:6      | Reached XP level 9. HP: 50/59 MP: 9/12
  6153 | D:7      | Noticed Prince Ribbit
  6197 | D:7      | Killed Prince Ribbit
  6198 | D:7      | Reached skill level 5 in Dodging
  6198 | D:7      | Reached skill level 8 in Unarmed Combat
  7201 | D:4      | Bought a +1 robe of the Archmagi for 425 gold pieces
  7471 | D:8      | Noticed a two-headed ogre
  7485 | D:8      | Killed a two-headed ogre
  7486 | D:8      | Reached skill level 9 in Unarmed Combat
  7586 | D:8      | Found a hazy altar of Hepliaklqana.
  7660 | D:8      | Gained mutation: Your touch may irresistibly damage your
                  | foes and sap their willpower. [demonic ancestry]
  7660 | D:8      | Reached XP level 10. HP: 50/65 MP: 8/13
  7699 | D:8      | Found an ancient bone altar of Kikubaaqudgha.
  7749 | D:8      | Found an opulent altar of Gozag.
  7753 | D:8      | Found a hide-covered altar of Uskayaw.
  7758 | D:8      | Found an ornate altar of the Wu Jian Council.
  7765 | D:8      | Found a sacrificial altar of Ru.
  7927 | D:8      | Noticed Erica
  8128 | D:8      | Killed Erica
  8129 | D:8      | Reached skill level 10 in Unarmed Combat
  8548 | D:9      | HP: 1/65 [something (30)]
  8551 | D:9      | Slain by a shadow

Illustrated notes

Levels and vault maps discovered:
D:1:      dpeg_arrival_three_bigger_balls, layout_loops_corners,
          dreamdust_princess_corridor, minmay_pentomino_p4
D:2:      layout_loops_corners, shapermc_ecumenical_altar_venn, uniq_jessica
D:3:      layout_rooms, nicolae_qazlal_eye_of_the_storm, uniq_terence
D:4:      layout_rooms, minmay_temple_entry_stoned_glass, serial_shops,
          shop_statue
D:5:      layout_gridville
D:6:      layout_layer_cave, kennysheep_small_spiral
D:7:      layout_basic, elyvilon_altar_4, uniq_prince_ribbit1
D:8:      layout_basic, old_standard_altar,
          nicolae_overflow_hallway_of_the_gods, mainiacjoe_overflow_alcove_2,
          uniq_erica
D:9:      layout_loops_cross, mainiacjoe_overflow_paths, zombieorc2_lemuel,
          serial_shops, shop, minivault_16
Temple:   hellmonk_temple_of_storms

Skill      XL: |  1  2  3  4  5  6  7  8  9 10 |
---------------+-------------------------------+-----
Transmutations | 2 3 4 6 7 8 |  8.0
Unarmed Combat | 3 4 5 6 7 9 10 | 10.4
Dodging        | 2 3 4 5 6 |  6.2
Fighting       | |  1.0
Shields        | |  0.4
Spellcasting   | |  2.0

Action                   |  1- 3 |  4- 6 |  7- 9 | 10-12 || total
-------------------------+-------+-------+-------+-------++-------
Melee: Unarmed           |    71 |   154 |   243 |    63 ||   531
       Kick              |    16 |    22 |    16 |    12 ||    66
       Headbutt          |     7 |     9 |    10 |     9 ||    35
       Touch             |     6 |    23 |    11 |     3 ||    43
       Punch             |     1 |     3 |     3 |     3 ||    10
 Cast: Beastly Appendage |    22 |    20 |    14 |     2 ||    58
       Spider Form       |       |     4 |    23 |     1 ||    28
       Wereblood         |       |     4 |    13 |     3 ||    20
  Use: Scroll            |     6 |     4 |     9 |     2 ||    21
       Potion            |       |       |     2 |     2 ||     4
 Stab: Sleeping          |       |     1 |       |       ||     1
Armor: Robe              |    11 |    25 |    10 |     3 ||    49
       Skin              |       |       |     3 |     3 ||     6
Dodge: Dodged            |    59 |    91 |   146 |    34 ||   330
Block: Other             |    11 |    27 |    38 |     3 ||    79

Table legend: (Time is in decaauts)
 A = Elapsed time spent in this place.
 B = Non-inter-level travel time spent in this place.
 C = Inter-level travel time spent in this place.
 D = Time resting spent in this place.
 E = Time spent auto-exploring this place.
 F = Levels seen in this place.
 G = Mean time per level.
                   A        B        C        D        E       F      G
               +--------+--------+--------+--------+--------+-----+--------+
         Total |   8476 |   8104 |    372 |    551 |   5852 |  10 |  847.6 |
       Dungeon |   8427 |   8065 |    362 |    551 |   5828 |   9 |  936.3 |
        Temple |     48 |     38 |     10 |      0 |     24 |   1 |   48.0 |
               +--------+--------+--------+--------+--------+-----+--------+

Top non-repeatable levels by time:
     D:1: 1519 daAuts
     D:6: 1504 daAuts
     D:8: 1199 daAuts
     D:7: 1133 daAuts
     D:2: 1061 daAuts
     D:5: 809 daAuts
     D:3: 605 daAuts
     D:4: 542 daAuts
     D:9: 51 daAuts
  Temple: 48 daAuts
